 Dungeon Crawl Stone Soup version 0.19.4-10-g532645f (webtiles) character file.

337 Magnus the Shield-Bearer (level 6, -2/50 HPs)
             Began as a Formicid Fighter on Feb 26, 2017.
             Was a Follower of the Shining One.
             Slain by a wyvern zombie (12 damage)
             ... in an ossuary.
             The game lasted 00:06:55 (3198 turns).

Magnus the Shield-Bearer (Formicid Fighter)         Turns: 3198, Time: 00:06:56

Health: -2/50      AC:  7    Str: 22    XL:     6   Next: 85%
Magic:  6/6        EV:  8    Int:  8    God:    the Shining One [*.....]
Gold:   111        SH: 10    Dex: 13    Spells: 0 memorised, 5 levels left

rFire  . . .     SeeInvis +     a - +0 war axe
rCold  . . .     Gourm    .     b - +0 scale mail
rNeg   . . .     Faith    .     c - +0 shield
rPois  .         Spirit   .     (helmet unavailable)
rElec  .         Reflect  .     (no cloak)
rCorr  .         Harm     .     (no gloves)
MR     .....                    (no boots)
Stlth  ..........               (no amulet)
                                (no ring)
                                i - +3 ring of dexterity

@: glowing
A: permanent stasis, dig shafts and tunnels, four strong arms, antennae 3
a: Dig, Shaft Self, Renounce Religion


You were in an ossuary.
You worshipped the Shining One.
The Shining One was aware of your devotion.
You were near starving.

You visited 1 branch of the dungeon, and saw 4 of its levels.
You also visited: Ossuary.

You collected 111 gold pieces.

Inventory:

Hand Weapons
 a - a +0 war axe (weapon)
Armour
 b - a +0 scale mail (worn)
 c - a +0 shield (worn)
Jewellery
 i - a +3 ring of dexterity (left hand)
 p - an uncursed ring of fire
Wands
 q - a wand of random effects (32/48)
Scrolls
 e - 2 scrolls of identify {unknown}
 h - a scroll of teleportation {unknown}
 n - 2 scrolls of blinking {unknown}
 o - a scroll of enchant armour {unknown}
 r - a scroll of amnesia {unknown}
Potions
 d - a potion of might
 l - 3 potions of lignification {unknown}
 s - a potion of flight {unknown}
 t - a potion of brilliance {unknown}
Books
 m - a book of Callings

   Spells                             Type                      Level
   a - Summon Small Mammal            Summoning                    1
   b - Call Imp                       Summoning                    2
   c - Call Canine Familiar           Summoning                    3
   d - Summon Guardian Golem          Hexes/Summoning              3
   e - Summon Lightning Spire         Summoning/Air                4
   f - Summon Ice Beast               Ice/Summoning                4
Comestibles
 f - a bread ration
 g - a slice of pizza
 j - 3 meat rations
 k - 3 fruits


   Skills:
 + Level 4.9 Fighting
 + Level 3.6 Axes
 + Level 4.7 Armour
 + Level 5.2 Shields


You had 5 spell levels left.
You didn't know any spells.

Dungeon Overview and Level Annotations

Branches:
Dungeon (4/15)
 Temple: D:4-7

Altars:
Fedhas
The Shining One


Innate Abilities, Weirdness & Mutations

You are under a permanent stasis effect.
You can dig through walls and to a lower floor.
Your four strong arms can wield two-handed weapons with a shield.
You have a pair of large antennae on your head. (SInv)


Message History

You block the wyvern zombie's attack. The wyvern zombie bites you.
You slash the wyvern zombie!
The wyvern zombie is heavily damaged.
You block the wyvern zombie's attack. The wyvern zombie bites you.
You hit the wyvern zombie.
The wyvern zombie is heavily damaged.
The wyvern zombie bites you.
You hit the wyvern zombie.
The wyvern zombie is heavily damaged.
You block the wyvern zombie's attack. The wyvern zombie bites you!
* * * LOW HITPOINT WARNING * * *
You are too injured to fight recklessly!
You are too injured to fight recklessly!
Unknown command.
You hit the wyvern zombie.
The wyvern zombie is severely damaged.
The wyvern zombie bites you.
* * * LOW HITPOINT WARNING * * *
The wyvern zombie bites you!
You die...

{{{ { { { { {
{ {#####
{#∩..# {
#.∩.#{ # #..@#
{
##+##'##Z##.#
≈.......Z...+{
≈≈≈.#+#'#'#'#
# {#.#.# #
#####


You could see a leopard gecko zombie and a wyvern zombie.

Vanquished Creatures
  A scorpion (D:4)
  A bullfrog zombie (Ossuary)
  A hound (D:4)
  An orc priest (D:3)
  A worker ant (D:3)
  3 mummies (Ossuary)
  A howler monkey skeleton (D:4)
  4 adders (D:3)
  2 adder skeletons (D:4)
  A worm (D:3)
  3 dart slugs (D:1)
  5 orcs (D:3)
  5 ball pythons
  7 goblins
  6 hobgoblins
  7 jackals
  3 quokkas
  5 bats
  4 frilled lizards
  7 kobolds
  11 rats
79 creatures vanquished.

Notes
Turn   | Place    | Note
-------+----------+-------------------------------------------
     0 | D:1      | Magnus the Formicid Fighter began the quest for the Orb.
     0 | D:1      | Reached XP level 1. HP: 18/18 MP: 1/1
   139 | D:1      | Reached XP level 2. HP: 23/24 MP: 2/2
   393 | D:1      | Reached XP level 3. HP: 30/30 MP: 3/3
   427 | D:1      | Reached skill level 4 in Shields
  1388 | D:3      | Reached XP level 4. HP: 34/37 MP: 4/4
  1769 | D:3      | Found a blossoming altar of Fedhas.
  1854 | D:3      | Reached XP level 5. HP: 17/42 MP: 5/5
  2583 | D:3      | Found a glowing golden altar of the Shining One.
  2596 | D:3      | Became a worshipper of the Shining One
  2776 | D:4      | Reached XP level 6. HP: 44/49 MP: 6/6
  2851 | D:4      | Reached skill level 5 in Shields
  3083 | D:4      | Found a sand-covered staircase.
  3096 | Ossuary  | Entered an ossuary
  3189 | Ossuary  | Reached * piety under the Shining One
  3198 | Ossuary  | Slain by a wyvern zombie

Skill      XL: |  1  2  3  4  5  6 |
---------------+-------------------+-----
Shields        | 4 5 |  5.2
Fighting       | 4 |  4.9
Armour         | 4 |  4.7
Axes           | 3 |  3.6

Action                   |  1- 3 |  4- 6 || total
-------------------------+-------+-------++-------
Melee: War axe           |   123 |   177 ||   300
  Eat: Chunk             |     2 |     4 ||     6
Armor: Scale mail        |    67 |    50 ||   117
Dodge: Dodged            |    36 |    53 ||    89
Block: Shield            |    65 |   104 ||   169
